 Dungeon Crawl Stone Soup version 0.28.0-45-g0d030f2227 (webtiles) character file.

Game seed: 10481480825537491568

203 Iusername the Twirler (level 5, -1/45 HPs)
             Began as a Minotaur Gladiator on Apr 4, 2022.
             Killed from afar by an orc wizard (6 damage)
             ... with a magic dart
             ... on level 3 of the Dungeon.
             The game lasted 00:08:53 (3357 turns).

Iusername the Twirler (Minotaur Gladiator)          Turns: 3357, Time: 00:09:13

Health: -1/45      AC:  3    Str: 21    XL:     5   Next: 51%
Magic:  4/4        EV: 12    Int:  5    God:
Gold:   71         SH:  5    Dex: 11    Spells: 4/4 levels left

rFire   . . .      SeeInvis .   v - +2 spear (venom)
rCold   + . .      Faith    .   (no shield)
rNeg    . . .      Spirit   .   b - +0 leather armour
rPois   .          Reflect  +   c - +0 hat
rElec   .          Harm     .   (no cloak)
rCorr   .          Rampage  .   (no gloves)
Will    .....                   (no boots)
Stlth   +.........              s - amulet of reflection
HPRegen 0.15/turn               g - ring of protection from cold
MPRegen 0.09/turn               (no ring)

@: no status effects
A: horns 2, retaliatory headbutt
a: no special abilities


You were on level 3 of the Dungeon.
You visited 1 branch of the dungeon, and saw 3 of its levels.

You collected 71 gold pieces.

Inventory:

Hand Weapons
 a - a +0 quarterstaff
 v - a +2 spear of venom (weapon)
Missiles
 d - 2 throwing nets (quivered)
 j - 2 atropa-tipped darts
Armour
 b - a +0 leather armour (worn)
 c - a +0 hat (worn)
Magical Staves
 w - a staff of death
Jewellery
 g - a ring of protection from cold (left hand)
 i - a ring of magical power
 s - an amulet of reflection (around neck)
Scrolls
 e - 2 scrolls of identify {unknown}
 f - a scroll of amnesia {unknown}
 h - a scroll of noise {unknown}
 l - 3 scrolls of enchant weapon {unknown}
 q - a scroll of immolation {unknown}
 r - a scroll of fog {unknown}
 u - a scroll of fear {unknown}
Potions
 k - a potion of flight {unknown}
 m - a potion of degeneration {unknown}
 n - a potion of curing
 o - a potion of heal wounds {unknown}
 p - a potion of might {unknown}


   Skills:
 + Level 3.3 Fighting
 + Level 5.4 Staves
 + Level 2.4 Throwing
 + Level 3.0 Armour
 + Level 4.0 Dodging
 + Level 0.1 Stealth
 + Level 0.1 Shields


You had 4 spell levels left.
You didn't know any spells.
Your spell library contained the following spells:

 Spells                   Type           Power      Damage    Failure   Level
 Call Canine Familiar     Summ           0%         N/A       88%         3
 Portal Projectile        Hex/Tloc       0%         N/A       88%         3
 Leda's Liquefaction      Hex/Erth       0%         N/A       99%         4


Dungeon Overview and Level Annotations

Branches:
Dungeon (3/15)

Altars:
Xom


Innate Abilities, Weirdness & Mutations

You have a pair of horns on your head.
You reflexively headbutt those who attack you in melee.


Message History

Something tries to affect you, but you resist.
You block the jackal's attack.
You closely miss something. The orc closely misses you.
The orc completely misses you. The jackal barely misses you.
Something hits you but does no damage. Something hits you.
You miss something. Your headbutt misses something. The jackal bites you.
The orc barely misses you. You block the orc's attack. Something hits you.
* * * LOW HITPOINT WARNING * * *
Something hits you but does no damage. You block the jackal's attack.
You miss something. Your headbutt misses something. The orc closely misses you.
The orc hits you with a +0 hand axe.
* * * LOW HITPOINT WARNING * * *
Something hits you.
* * * LOW HITPOINT WARNING * * *
Something hits you.
* * * LOW HITPOINT WARNING * * *
The jackal bites you but does no damage.
You feel better. The orc completely misses you. The orc closely misses you.
You furiously retaliate!
You headbutt the orc. The jackal completely misses you.
Something hits you but does no damage.
You hear some strange, mumbled words.
A magic dart appears from out of thin air!
The magic dart hits you.
* * * LOW HITPOINT WARNING * * *
You block the orc's attack. The orc misses you.
You hear some strange, mumbled words.
A magic dart appears from out of thin air!
The magic dart hits you.
* * * LOW HITPOINT WARNING * * *
You block the jackal's attack.
Things that are here:
a +0 hand axe; a +0 leather armour You barely miss the orc.
Your headbutt misses the orc. The orc barely misses you.
You furiously retaliate!
You headbutt the orc!
You kill the orc!
You block the orc's attack.
You hear some strange, mumbled words.
A magic dart appears from out of thin air!
The magic dart hits you.
You die...

)####...............####
##....#####.............
...#### #...#...........
.### #.#.............
##......#.#.....†.......
##......# #....[......##
##......#.#.............
##......#>#...#{h{####..
........#.#....)@o# ..
.................##
..................
.............<.....
..........#.####....
..........#. ###...
...#....#..... ....
........#..... #####
...#....#......


You could see an orc and a jackal.

Vanquished Creatures
  An ogre (D:2)
  An orc priest (D:3)
  4 adders (D:3)
  2 worms (D:2)
  2 orcs
  4 ball pythons
  3 endoplasms
  A giant cockroach (D:3)
  4 goblins
  4 hobgoblins
  6 jackals
  2 quokkas
  3 bats
  A frilled lizard (D:3)
  4 kobolds
  6 rats
48 creatures vanquished.

Notes
Turn   | Place    | Note
-------+----------+-------------------------------------------
     0 | D:1      | Iusername the Minotaur Gladiator began the quest for the
                  | Orb.
     0 | D:1      | Reached XP level 1. HP: 18/18 MP: 0/0
   514 | D:1      | Reached XP level 2. HP: 24/25 MP: 1/1
   585 | D:1      | Reached skill level 4 in Staves
  1519 | D:2      | Noticed an ogre
  1532 | D:2      | Killed an ogre
  1533 | D:2      | Reached XP level 3. HP: 31/31 MP: 2/2
  1533 | D:2      | Reached XP level 4. HP: 38/38 MP: 3/3
  1556 | D:2      | Found a shimmering altar of Xom.
  2629 | D:3      | Reached skill level 5 in Staves
  2653 | D:3      | Reached XP level 5. HP: 31/45 MP: 4/4
  3357 | D:3      | Killed from afar by an orc wizard

Illustrated notes

Levels and vault maps discovered:
D:1:      matt_arrival_diagonals, layout_basic, minmay_distorted
D:2:      layout_basic, basic_altar
D:3:      minmay_general_purpose_star, layout_basic

Skill      XL: |  1  2  3  4  5 |
---------------+----------------+-----
Staves         | 4 5 |  5.4
Fighting       | 3 |  3.3
Armour         | 2 3 |  3.0
Dodging        | 4 |  4.0
Throwing       | |  2.4
Stealth        | |  0.1
Shields        | |  0.1

Action                   |  1- 3 |  4- 6 || total
-------------------------+-------+-------++-------
Melee: Quarterstaff      |    41 |    35 ||    76
       Headbutt          |     4 |     8 ||    12
       Spear             |       |    33 ||    33
Throw: Throwing net      |     3 |       ||     3
       Dart              |     2 |       ||     2
  Use: Potion            |       |     3 ||     3
Armor: Leather armour    |    17 |    25 ||    42
Dodge: Dodged            |    27 |    58 ||    85
Block: Other             |       |    19 ||    19
